 Dungeon Crawl Stone Soup version 0.25-a0-697-g890751e744 (webtiles) character file.

Game seed: 465644058763760065, levelgen mode: deterministic

26944 nono the Fighter (level 13, -7/72 HPs)
             Began as a Vine Stalker Hunter on Mar 30, 2020.
             Was the Champion of Okawaru.
             Mangled by a five-headed hydra (8 damage)
             ... on level 6 of the Lair of Beasts on Mar 31, 2020.
             The game lasted 00:50:59 (11667 turns).

nono the Fighter (Vine Stalker Hunter)             Turns: 11667, Time: 00:50:59

Health: -7/72      AC: 20    Str: 20    XL:     13   Next: 29%
Magic:  0/17       EV: 10    Int: 11    God:    Okawaru [******]
Gold:   97         SH:  0    Dex: 15    Spells: 12/12 levels left

rFire    . . .     SeeInvis +   l - +0 falchion (flame)
rCold    . . .     Gourm    .   (no shield)
rNeg     . . .     Faith    +   K - +0 plate armour
rPois    .         Spirit   +   s - +0 helmet {SInv}
rElec    .         Reflect  .   (no cloak)
rCorr    .         Harm     .   (no gloves)
MR       ++...                  T - +0 pair of boots
Stlth    ..........             u - amulet of faith
HPRegen  1.02/turn              x - ring of protection from magic
MPRegen  0.15/turn              p - +5 ring of protection

@: about to teleport
A: fangs 3, regeneration 2, magic shield, antimagic bite, no potion heal 3, rot
immunity
a: Heroism, Finesse, Renounce Religion


You were on level 6 of the Lair of Beasts.
You worshipped Okawaru.
Okawaru was exalted by your worship.
You were not hungry.

You visited 3 branches of the dungeon, and saw 16 of its levels.
You also visited: Ice Cave.

You collected 857 gold pieces.
You spent 760 gold pieces at shops.

Inventory:

Hand Weapons
 l - a +0 falchion of flaming (weapon)
 C - the +4 war axe of Annihilation {vorpal, *Slow +Inv rF+++ rN+ MP+9}
   (You bought it in a shop on level 6 of the Dungeon)

   It inflicts extra damage upon your enemies.
   It renders you almost immune to fire.
   It protects you from negative energy.
   It affects your magic capacity (+9).
   It lets you turn invisible.
   It may slow you when you take damage.
 L - a +0 short sword of electrocution
 N - a +2 battleaxe of freezing
 O - the +9 war axe "Fuam" {vamp, Dex+2}
   (You found it on level 9 of the Dungeon)

   It inflicts no extra harm, but heals its wielder when it wounds a living foe.
   It affects your dexterity (+2).
 Z - a +0 double sword
Missiles
 c - 18 javelins (quivered)
 y - a throwing net
 J - 11 silver javelins
Armour
 s - a +0 helmet of see invisible (worn)
 K - a +0 plate armour (worn)
 T - a +0 pair of boots (worn)
Jewellery
 a - an uncursed ring of poison resistance
 p - a +5 ring of protection (right hand)
 u - an amulet of faith (around neck)
 x - a ring of protection from magic (left hand)
 Q - an uncursed amulet of magic regeneration
Wands
 b - a wand of acid (10)
 D - a wand of flame (54)
 G - a wand of disintegration (14)
 I - a wand of random effects (14)
 M - a wand of enslavement (12)
 P - a wand of paralysis (8)
 X - a wand of digging (7)
Scrolls
 e - 10 scrolls of remove curse
 h - 2 scrolls of enchant weapon
 i - 3 scrolls of fear {unknown}
 m - a scroll of random uselessness {unknown}
 n - a scroll of vulnerability {unknown}
 o - a scroll of identify
 w - a scroll of blinking {unknown}
 H - 4 scrolls of amnesia
 S - 2 scrolls of immolation
 U - 3 scrolls of magic mapping {unknown}
Potions
 d - a potion of lignification {unknown}
 g - a potion of stabbing
 j - 3 potions of might
 k - 5 potions of heal wounds
 r - 2 potions of brilliance
 t - 3 potions of flight {unknown}
 v - a potion of magic
 z - 3 potions of haste {unknown}
 B - 5 potions of curing {unknown}
 E - a potion of cancellation {unknown}
 F - a potion of ambrosia {unknown}
 V - a potion of invisibility {unknown}
 W - a potion of degeneration {unknown}
Comestibles
 f - 40 rations


   Skills:
 + Level 10.6 Fighting
 - Level 9.2 Short Blades
 + Level 9.4 Axes
 - Level 3.6 Throwing
 + Level 7.1 Armour
 + Level 7.3 Dodging
 - Level 1.2 Stealth
 - Level 4.4 Invocations


You had 12 spell levels left.
You didn't know any spells.
Your spell library contained the following spells:

 Spells                   Type           Power        Failure   Level  Hunger
 Animate Skeleton         Necr           N/A          100%        1    ##.....
 Pain                     Necr           #...         100%        1    ##.....
 Vampiric Draining        Necr           #.........   100%        3    ####...
 Animate Dead             Necr           N/A          100%        4    #####..
 Agony                    Necr           #.......     100%        5    ######.


Dungeon Overview and Level Annotations

Branches:
Dungeon (10/15)            Temple (1/1) D:5            Lair (6/6) D:10
  Swamp (0/4) Lair:3        Snake (0/4) Lair:3        Slime (0/5) Lair:6
  IceCv (visited)
    Orc: D:9-12

Altars:
Ashenzari
Cheibriados
Dithmenos
Elyvilon
Fedhas
Gozag
Hepliaklqana
Kikubaaqudgha
Makhleb
Nemelex Xobeh
Okawaru
Qazlal
Ru
Sif Muna
Trog
Uskayaw
Vehumet
Wu Jian
Xom
Yredelemnul
Zin
The Shining One
Jiyva

Shops:
D:6 =*(*   D:8 ((   D:9 (


Innate Abilities, Weirdness & Mutations

You have razor-sharp teeth.
You heal very quickly.
When hurt, damage is shared between your health and your magic reserves.
Your bite disrupts and absorbs the magic of your enemies.
Potions cannot restore your health.
You are immune to rotting.


Message History

The five-headed hydra is severely wounded.
The five-headed hydra bites you! The five-headed hydra bites you. x2
* * * LOW HITPOINT WARNING * * *
The five-headed hydra barely misses you.
The five-headed hydra bites you.
* * * LOW HITPOINT WARNING * * *
The komodo dragon bites you!
* * * LOW HITPOINT WARNING * * *
Evoke which item? (* to show all) (? for menu, Esc to quit)
Okay, then.
Okay, then.
As you read the scroll of teleportation, it crumbles to dust.
You feel strangely unstable.
The five-headed hydra completely misses you.
The five-headed hydra bites you!
* * * LOW HITPOINT WARNING * * *
The five-headed hydra bites you.
* * * LOW HITPOINT WARNING * * *
The five-headed hydra bites you!
You die...

#...P.P###.....#
#.......#....###
#.......##...#
.......#.....##
..........#
..........#
..........#
..........##
..###.@...# ..
#.lD..###
#......P#
..........##
...........#
............#
...........##
...........#
..........#


You could see a five-headed hydra and a komodo dragon.

Vanquished Creatures
  Harold (D:7)
  4 hydras
  A two-headed ogre (D:9)
  2 fire crabs (Lair:6)
  A guardian serpent (D:10)
  7 elephants (Lair:6)
  A black mamba (Lair:2)
  2 spiny frogs (Lair:6)
  A torpor snail (Lair:2)
  2 rime drakes
  6 komodo dragons
  A troll (D:10)
  Grinder (D:4)
  4 dream sheep
  5 hippogriffs
  Sigmund (D:4)
  A basilisk (Lair:1)
  A wraith (D:10)
  2 wyverns
  25 yaks
  Grum (D:9)
  Menkaure (D:4)
  5 water moccasins
  3 porcupines
  4 orc warriors
  2 phantoms
  A sky beast (D:5)
  19 ice beasts
  A necrophage (D:6)
  5 ogres
  12 wolves
  5 centaurs
  4 crocodiles
  3 big kobolds (D:9)
  A gnoll sergeant (D:10)
  11 bullfrogs
  2 scorpions
  12 killer bees
  An electric eel (D:8)
  8 wights
  2 howler monkeys (D:7)
  2 crimson imps
  2 centaur zombies
  5 hounds
  A bullfrog skeleton (D:4)
  2 centaur skeletons (D:4)
  7 orc priests
  5 iguanas
  Natasha (thrice) (D:4)
  12 orc wizards
  7 worker ants
  A hound skeleton (D:6)
  2 worker ant zombies (D:6)
  6 adders
  6 gnolls
  2 shadow imps (D:8)
  2 adder zombies (D:9)
  3 worms
  3 dart slugs
  2 leopard geckos
  32 orcs
  2 ball pythons
  7 giant cockroaches
  2 goblins
  9 hobgoblins
  12 jackals
  A quokka (D:2)
  A bat (D:2)
  7 frilled lizards
  5 kobolds
  A leopard gecko skeleton (D:5)
  2 quokka zombies
  7 rats
  A fungus (D:10)
  A plant (Lair:6)
335 creatures vanquished.

Vanquished Creatures (others)
  A quokka (D:4)
  2 fungi
  8 plants
11 creatures vanquished.

Grand Total: 346 creatures vanquished

Notes
Turn   | Place    | Note
-------+----------+-------------------------------------------
     0 | D:1      | nono the Vine Stalker Hunter began the quest for the Orb.
     0 | D:1      | Reached XP level 1. HP: 11/11 MP: 2/2
    55 | D:1      | Reached skill level 2 in Fighting
    65 | D:1      | Reached XP level 2. HP: 9/15 MP: 3/3
    71 | D:1      | Reached skill level 1 in Short Blades
   643 | D:2      | Reached XP level 3. HP: 18/19 MP: 4/4
   790 | D:2      | Found a blossoming altar of Fedhas,
   886 | D:2      | Gained mutation: Your natural rate of healing is unusually
                  | fast. [Vine Stalker growth]
   886 | D:2      | Reached XP level 4. HP: 19/23 MP: 5/5
   887 | D:2      | Reached skill level 3 in Fighting
  1454 | D:3      | Found a hide-covered altar of Uskayaw,
  1462 | D:3      | Found a radiant altar of Vehumet,
  1894 | D:3      | Reached XP level 5. HP: 28/28 MP: 6/6
  1902 | D:3      | Found a sacrificial altar of Ru,
  2090 | D:4      | Noticed an ogre
  2093 | D:4      | Killed an ogre
  2111 | D:4      | Noticed Grinder
  2133 | D:4      | Killed Grinder
  2133 | D:4      | Reached skill level 4 in Fighting
  2133 | D:4      | Reached XP level 6. HP: 33/34 MP: 7/7
  2176 | D:4      | Reached XP level 7. HP: 20/38 MP: 8/8
  2276 | D:4      | Found a white marble altar of Elyvilon,
  2338 | D:4      | Noticed Natasha
  2347 | D:4      | Killed Natasha
  2374 | D:4      | Reached skill level 5 in Fighting
  2483 | D:4      | Noticed Natasha
  2495 | D:4      | Killed Natasha
  2561 | D:4      | Noticed Menkaure
  2569 | D:4      | Killed Menkaure
  2569 | D:4      | Reached skill level 5 in Short Blades
  2717 | D:4      | Noticed Sigmund
  2735 | D:4      | Killed Sigmund
  2735 | D:4      | Reached skill level 6 in Fighting
  2735 | D:4      | Gained mutation: You have razor-sharp teeth. [Vine Stalker
                  | growth]
  2735 | D:4      | Reached XP level 8. HP: 34/44 MP: 9/9
  2845 | D:4      | Noticed Natasha
  2852 | D:4      | Killed Natasha
  2971 | D:5      | Entered Level 5 of the Dungeon
  3111 | D:5      | Found a shattered altar of Ashenzari,
  3277 | D:5      | Upgraded the game from 0.25-a0-690-g234afa57d4 to
                  | 0.25-a0-697-g890751e744
  3396 | D:5      | Found a staircase to the Ecumenical Temple,
  3413 | D:5      | Reached skill level 7 in Fighting
  3430 | Temple   | Entered the Ecumenical Temple
  3527 | Temple   | Became a worshipper of Warmaster Okawaru
  3930 | D:6      | Found Gudonim's Antique Weapon Boutique,
  3945 | D:6      | Reached XP level 9. HP: 49/50 MP: 10/10
  3949 | D:6      | Reached skill level 1 in Armour
  4057 | D:6      | Reached * piety under Okawaru
  4156 | D:6      | Found Xizal Gec's Jewellery Emporium,
  4177 | D:6      | Found Wamec's Assorted Antiques,
  4400 | D:6      | Found a burning altar of Makhleb,
  4573 | D:6      | Found Wappu's General Store,
  4591 | D:6      | Bought a polished war axe for 280 gold pieces
  4591 | D:6      | Identified the +4 war axe of Annihilation {vorpal, *Slow
                  | +Inv rF+++ rN+ MP+9} (You bought it in a shop on level 6 of
                  | the Dungeon)
  4613 | D:7      | Noticed Harold
  4626 | D:7      | Killed Harold
  4626 | D:7      | Reached skill level 8 in Fighting
  5055 | D:7      | Found a glowing golden altar of the Shining One,
  5094 | D:7      | Found an ornate altar of the Wu Jian Council,
  5328 | D:8      | Found Ruwnuvugg's Weapon Shop,
  5449 | D:8      | Found Ciucwoa's Weapon Shop,
  5494 | D:7      | Reached ** piety under Okawaru
  5509 | D:8      | Reached XP level 10. HP: 56/56 MP: 11/11
  6635 | D:9      | Reached skill level 1 in Invocations
  6646 | D:9      | Reached *** piety under Okawaru
  6886 | D:9      | Noticed a two-headed ogre
  6894 | D:9      | Killed a two-headed ogre
  6894 | D:9      | Received a gift from Okawaru
  6894 | D:9      | Reached **** piety under Okawaru
  6894 | D:9      | Reached skill level 9 in Fighting
  6894 | D:9      | Reached skill level 5 in Dodging
  6897 | D:9      | Noticed Grum
  6902 | D:10     | Entered Level 10 of the Dungeon
  6916 | D:10     | Received a gift from Okawaru
  6916 | D:10     | Reached XP level 11. HP: 58/62 MP: 14/14
  7001 | D:9      | Killed Grum
  7037 | D:9      | Reached skill level 5 in Armour
  7271 | D:9      | Found Orawecsi's Weapon Boutique,
  7549 | D:9      | Noticed a three-headed hydra
  7556 | D:9      | Killed a one-headed hydra
  7853 | D:9      | Got an ivory war axe
  7854 | D:9      | Identified the +9 war axe "Fuam" {vamp, Dex+2} (You found
                  | it on level 9 of the Dungeon)
  8120 | D:10     | Reached ***** piety under Okawaru
  8120 | D:10     | Reached skill level 1 in Axes
  8257 | D:10     | Found a staircase to the Lair,
  8512 | D:10     | Found a basalt altar of Yredelemnul,
  8649 | D:10     | Reached skill level 5 in Axes
  8841 | Lair:1   | Entered Level 1 of the Lair of Beasts
  8923 | Lair:1   | Received a gift from Okawaru
  8986 | Lair:1   | Gained mutation: You heal very quickly. [Vine Stalker
                  | growth]
  8986 | Lair:1   | Reached XP level 12. HP: 61/67 MP: 13/16
 10326 | Lair:3   | Found a staircase to the Swamp,
 10328 | Lair:3   | Noticed a seven-headed hydra
 10607 | Lair:3   | Noticed a six-headed hydra
 10613 | Lair:3   | Received a gift from Okawaru
 10624 | Lair:3   | Killed a one-headed hydra
 10832 | Lair:3   | Found a staircase to the Snake Pit,
 11053 | D:6      | Bought an uncursed amulet of faith for 480 gold pieces
 11222 | Lair:4   | You fall into a shaft and drop 2 floors!
 11222 | Lair:6   | Entered Level 6 of the Lair of Beasts
 11245 | Lair:6   | Reached skill level 10 in Fighting
 11246 | Lair:6   | Reached ****** piety under Okawaru
 11394 | Lair:6   | Noticed a six-headed hydra
 11406 | Lair:6   | Killed a one-headed hydra
 11406 | Lair:6   | Reached XP level 13. HP: 50/72 MP: 17/17
 11440 | Lair:6   | Received a gift from Okawaru
 11481 | Lair:6   | Found a viscous altar of Jiyva,
 11481 | Lair:6   | Found a staircase to the Slime Pits,
 11507 | Lair:6   | Found a frozen archway,
 11548 | IceCv    | Entered an ice cave
 11667 | Lair:6   | HP: 1/72 [five-headed hydra (4)]
 11667 | Lair:6   | Mangled by a five-headed hydra

Levels and vault maps discovered:
D:1:      tarquinn_simple_flora_water_e, layout_rooms
D:2:      layout_basic, fedhas_ov_isle_minmay
D:3:      layout_loops_ring, grunt_temple_overflow_open, marbit_many_paths
D:4:      layout_loops_cross, chequers_serial_rivers_room_a, elyvilon_altar_4,
          uniq_natasha, uniq_grinder, uniq_menkaure, uniq_sigmund
D:5:      layout_rooms, minmay_temple_entry_proselytizer, first_ration,
          basic_altar, kennysheep_dice
D:6:      layout_loops_ring, serial_shops, shop, shop, kennysheep_little_box,
          kennysheep_mini, makhleb_blood_cavern_becter
D:7:      layout_rooms, lemuel_doored_altar, nicolae_tso_carved_into_rock,
          uniq_harold
D:8:      layout_cave_pods, serial_shops, nicolae_shop_waterfront,
          nicolae_shop_waterfront
D:9:      layout_stronghold, serial_shops, shop, hangedman_ranch
          [blue_anna_fruit_fields], uniq_grum
D:10:     layout_roguey, grunt_lair_entry_orc_guard_hut, basic_altar,
          nrook_guardian_serpent_ordinary
Temple:   regret_index_temple_sphere_string
Lair:1:   layout_chaotic_city
Lair:2:   layout_chaotic_city, grunt_megastairs_3
Lair:3:   layout_regular_city, minmay_swamp_entry_reptiles, dummy_snake_entry,
          minmay_lair_oklob_chamber
Lair:4:   layout_long_grid, minmay_lair_drake_nest, grunt_megastairs_4
Lair:6:   cheibrodos_lair_end_hotspot, layout_gridlike, slime_altar_1,
          portal_ice_cave_entry_ice_beasts

Skill      XL: |  1  2  3  4  5  6  7  8  9 10 11 12 13 |
---------------+----------------------------------------+-----
Fighting       | 2 3 4 6 7 8 9 10 | 10.6
Short Blades   | 1 2 4 5 7 8 9 |  9.2
Dodging        | 2 3 5 6 7 |  7.3
Armour         | 3 4 5 6 7 |  7.1
Invocations    | 3 4 |  4.4
Axes           | 5 9 |  9.4
Throwing       | |  3.6
Stealth        | |  1.2

Action                   |  1- 3 |  4- 6 |  7- 9 | 10-12 | 13-15 || total
-------------------------+-------+-------+-------+-------+-------++-------
Melee: Short sword       |    87 |   115 |   130 |   273 |       ||   605
       Bite              |    28 |    33 |   129 |   225 |    35 ||   450
       Rapier            |       |       |   192 |    61 |       ||   253
       Punch             |       |       |       |     7 |       ||     7
       War axe           |       |       |       |   277 |    69 ||   346
       Falchion          |       |       |       |    30 |    17 ||    47
Throw: Javelin           |     6 |     4 |    22 |    11 |       ||    43
       Throwing net      |       |     5 |     4 |       |       ||     9
Invok: Heroism           |       |       |     1 |    15 |     1 ||    17
Evoke: Wand              |       |       |       |     1 |       ||     1
  Use: Scroll            |       |       |     5 |     6 |     2 ||    13
 Stab: Held in net/web   |       |     3 |     5 |       |       ||     8
       Paralysed         |       |       |       |     2 |       ||     2
  Eat: Chunk             |       |     3 |    12 |    17 |       ||    32
       Ration            |       |       |       |     1 |       ||     1
Armor: Leather armour    |    22 |       |       |       |       ||    22
       Ring mail         |     3 |     4 |       |       |       ||     7
       Scale mail        |       |    26 |    88 |    11 |       ||   125
       Plate armour      |       |       |       |   355 |   101 ||   456
       Chain mail        |       |       |       |     4 |       ||     4
Dodge: Dodged            |    54 |    59 |   104 |   321 |    80 ||   618
       Rpst.: Falchion   |       |       |       |     3 |     1 ||     4

Table legend:
 A = Non-vault XP
 B = Vault XP
 C = Vault XP percentage of total XP
 D = Non-vault monster count
 E = Vault monster count
 F = Vault count percentage of total count
                 A         B        C        D         E       F
            +---------+---------+-------+---------+---------+-------
      Total |   28781 |    9711 |  25.2 |     279 |      54 |  16.2
            +---------+---------+-------+---------+---------+-------
        D:1 |      32 |       0 |   0.0 |      17 |       0 |   0.0
        D:2 |      74 |       0 |   0.0 |      22 |       0 |   0.0
        D:3 |      57 |       2 |   3.4 |      12 |       1 |   7.7
        D:4 |     571 |     674 |  54.1 |      20 |       4 |  16.7
        D:5 |     881 |      42 |   4.6 |      27 |       2 |   6.9
        D:6 |     571 |     139 |  19.6 |      11 |       2 |  15.4
        D:7 |     662 |    1013 |  60.5 |      18 |       1 |   5.3
        D:8 |    1196 |       0 |   0.0 |      28 |       0 |   0.0
        D:9 |    4332 |    2323 |  34.9 |      36 |       9 |  20.0
       D:10 |    3656 |    1301 |  26.2 |      33 |       8 |  19.5
     Lair:1 |    1745 |       0 |   0.0 |      10 |       0 |   0.0
     Lair:2 |    2610 |     970 |  27.1 |      16 |       4 |  20.0
     Lair:3 |    3423 |     394 |  10.3 |      12 |       3 |  20.0
     Lair:6 |    8971 |    1038 |  10.4 |      17 |       8 |  32.0
      IceCv |       0 |    1815 | 100.0 |       0 |      12 | 100.0
            +---------+---------+-------+---------+---------+-------
